[Event "Summer Prague Open-A 2022"]
[Site "Prague"]
[Date "2022.08.11"]
[Round "8.15"]
[White "Slampa, Jan"]
[Black "Philipp, Mathias"]
[Result "0-1"]
[ECO "A85"]
[WhiteElo "2254"]
[BlackElo "2092"]
[Annotator "TA"]
[PlyCount "188"]
[EventDate "2022.08.05"]
[EventType "swiss"]
[EventCountry "CZE"]
[SourceTitle "playchess.com"]
[Source "ChessBase"]
[SourceQuality "1"]
[TimeControl "40/5400+30:1800+30"]

1. d4 f5 2. c4 Nf6 3. Nc3 e6 4. Bf4 Bb4 5. Nf3 Bxc3+ 6. bxc3 {[%emt 0:00:02] A85: Dutch Defence: 2 c4 Nf6 3 Nc3.} b6 7. e3 Bb7 8. Bd3 {[%emt 0:02:30] The position is equal.} d6 9. O-O Nbd7 10. Bg3 {[%emt 0:05:26] [#]} Ne4 $146 ({Predecessor:} 10... O-O 11. Nd2 Qe8 12. f3 Nh5 13. Bf2 Kh8 14. Qc2 Qf7 15. g4 fxg4 16. fxg4 Nhf6 {1-0 (53) Stephan,V (2036)-Desbois,A (2002) France 2006}) 11. Bh4 Ndf6 12. c5 (12. d5 $5) 12... bxc5 13. Qb3 Bd5 14. c4 Bc6 15. Bxe4 fxe4 16. Ng5 Qe7 17. dxc5 e5 (17... h6 $17 18. Nh3 (18. cxd6 cxd6 19. Nh3 g5 $17) 18... g5 19. cxd6 cxd6) 18. cxd6 cxd6 19. Rad1 (19. f3 $11) 19... h6 $17 20. c5 d5 {[%emt 0:00:35][%mdl 8192] [#]} (20... hxg5 $17 {and life is bright.} 21. Rxd6 Qf7 $1) 21. Nxe4 $1 $18 dxe4 22. Rd6 Bd7 23. Bxf6 (23. Rfd1 g5 24. Bg3 Bf5 $14) 23... gxf6 24. Rfd1 Bg4 $2 (24... Rd8 $2 25. c6 Bxc6 26. Rxd8+ Qxd8 27. Rxd8+ Kxd8 28. Qb8+ Kd7 29. Qxh8 $18) (24... Bf5 $16 {is a better chance.}) 25. Qd5 $2 (25. f3 $1 $18 {and the rest is easy.} Bf5 26. g4 exf3 27. Kf2 (27. gxf5 $2 {leads to mate.} Qg7+ 28. Kf2 Qg2+ 29. Ke1 Qe2#)) 25... Rc8 (25... Rb8 $16) 26. Rd2 {[%emt 0:02:42][%mdl 1024] White has strong compensation.} Bf5 (26... Qg7 $142 27. c6 Rb8 28. Qxe4 O-O) 27. h3 $1 {[%emt 0:00:28] Black must now prevent g4.} h5 {[%emt 0:00:32] Against g4} 28. c6 $2 ({White has to play} 28. f3 $1 $18 exf3 29. e4 f2+ 30. Kf1 (30. Rxf2 Qf7 $18)) 28... Kf8 $11 29. Rb2 $2 (29. f4 $11 Rh7 30. Rb2) 29... Kg7 $1 $19 30. Rb7 (30. f3 $142 exf3 31. Rd2) 30... Rc7 31. Rd7 Rxd7 32. cxd7 Rd8 33. Rxa7 Rxd7 34. Rxd7 Qxd7 (34... Bxd7 $2 {perishes.} 35. Qxe4 Qa3 36. Qb7 $19) 35. Qc4 Be6 36. Qxe4 Bxa2 37. Kh2 (37. Qc2 $142 Bd5 38. Qd1) 37... Qd5 38. Qf5 (38. Qb4 $142) 38... e4 39. Qc8 Qe5+ 40. Kg1 Bf7 41. Qc1 Qd5 42. Qc7 Kg6 43. Qb8 Qe5 44. Qb6 (44. Qb1 {might work better.}) 44... Qa1+ 45. Kh2 Qf1 46. Qb2 {[%emt 0:00:48] Inhibits Qe2.} Qd1 47. Qb8 Qa1 $2 (47... Qc2 $19 48. Qg3+ Kh7) 48. Qb4 $2 (48. Qb6 $1 $11 {and White is okay.} Qa2 49. Kg1) 48... Qe5+ 49. Kg1 Kf5 50. Qb7 Qd5 51. Qc8+ Ke5 $2 (51... Qe6 $19 52. Qc7 Kg6 53. Qg3+ Kh7) 52. Qc7+ (52. Qb8+ $17 Ke6 53. Qh8) 52... Ke6 $1 53. Qb6+ Ke7 {[%emt 0:00:32] ...Qd1+ is the strong threat.} 54. Qb4+ Kd7 {[%emt 0:01:00] Hoping for ...Qd1+.} 55. Qa4+ Ke6 56. Qa6+ Ke5 57. Qa7 f5 58. Qc7+ Ke6 {[%emt 0:00:12] aiming for ...Qd1+.} 59. Qc8+ Kd6 60. Kh2 Qe6 61. Qc1 Qc4 62. Qa3+ Kc6 (62... Qc5 $19 {and Black stays clearly on top.} 63. Qa6+ Ke7) 63. Qa8+ (63. Kg3 $17) 63... Kb5 $2 (63... Kd7 $19 {Strongly threatening ...Qc3.} 64. Qh8 Qe6) 64. Qb7+ $15 Ka5 $1 65. Qa7+ ({Better is} 65. Qd7 $15) 65... Kb4 $19 66. Qb6+ Ka4 67. Qb8 Qd5 68. Kg1 (68. Kg3 $17) 68... Ka3 69. Qb6 (69. Kh2 $17) 69... Be6 70. Qb8 Bd7 (70... Ka2 $19 71. Qh8 Bf7) 71. Qb6 (71. Kh2 $17 {is a better defense.}) 71... Qb5 $2 (71... Bb5 $19 {And now ...Kb2 would win.} 72. Qg6 Be2) 72. Qg6 (72. Qd6+ $15 Kb3 73. Qd1+ Kc3 74. Qxh5) 72... Be8 ({Black should play} 72... Qb1+ $17 73. Kh2 Qb8+ 74. g3 h4) 73. Qd6+ $1 $15 Ka2 74. Qd2+ Ka1 75. Qc3+ {[%emt 0:00:01] [#]} (75. Qd4+ $17 Qb2 76. Qd6) 75... Kb1 $1 $19 {[%emt 0:00:11] Threatens to win with ...Qb2.} 76. Kh2 (76. Qd4 $142) 76... Bd7 77. Qh8 {[%emt 0:00:37] [#]} Be8 (77... Qe2 $142 $1 78. Qb8+ Qb5) 78. Qc3 Qb8+ 79. Kg1 Qb2 80. Qa5 Bb5 81. Kh2 (81. Qa7 $142) 81... Qe5+ 82. Kg1 Qc5 83. Kh2 Kc2 84. Qa2+ Kd1 85. Qb1+ (85. Kg1 $142 Bd3 86. Qf7) 85... Ke2 86. Qb2+ Kf1 87. g3 Bd3 88. Qa1+ Ke2 (88... Kxf2 $142 89. Qg1+ Ke2 90. g4 hxg4 91. Qg2+ Kd1 92. hxg4 Qxe3 93. Qh1+ Kd2 94. Qg2+ Qe2 95. Qxe2+ Kxe2 96. g5 f4 97. g6 Bc4 98. g7 e3 99. Kg2 Be6 100. Kg1 Bd5 101. g8=B Bxg8 102. Kg2 Be6 103. Kg1 f3 104. Kh2 f2 105. Kh1 f1=Q+ 106. Kh2 Qf2+ 107. Kh1 Bd5#) 89. Kg2 Bc2 90. Qh8 Bd1 {[%emt 0:00:48] ( -> ...Qc2)} 91. Qxh5+ Ke1 {[%emt 0:00:05] Black mates.} 92. Qh8 Qc4 93. Qb2 Qf1+ 94. Kh2 Qxf2+ {[%emt 0:00:06] Never resign too early!  Weighted Error Value: White=0.54/Black=0.46} 0-1

[Event "Summer Prague Open-A 2022"]
[Site "Prague"]
[Date "2022.08.11"]
[Round "8.16"]
[White "Ehrlich, Roy"]
[Black "Pap, Gyula"]
[Result "1/2-1/2"]
[ECO "B15"]
[WhiteElo "2183"]
[BlackElo "2481"]
[Annotator "TA"]
[PlyCount "24"]
[EventDate "2022.08.05"]
[EventType "swiss"]
[EventCountry "CZE"]
[SourceTitle "playchess.com"]
[Source "ChessBase"]
[SourceQuality "1"]
[TimeControl "40/5400+30:1800+30"]

1. e4 c6 2. d4 d5 3. Nd2 dxe4 4. Nxe4 Nf6 5. Nxf6+ exf6 6. c3 Bd6 7. Bd3 O-O 8. Qc2 Re8+ 9. Be3 h5 {[%emt 0:01:29] B15: Caro-Kann: 3 Nc3: 3...g6 and 3...dxe4 4 Nxe4 Nf6 5 Nxf6+ exf6.} 10. Nf3 Bf4 11. O-O {[%emt 0:00:35] [#]} Bc7 $146 ({Predecessor:} 11... Bxe3 12. fxe3 Rxe3 13. Rae1 Rxe1 14. Rxe1 Be6 15. Bf5 Bxf5 16. Qxf5 g6 17. Qf4 Nd7 {½-½ (65) Gormally,D (2476)-Dudzinski,P (2196) Chess.com INT 2022}) 12. c4 {[%emt 0:18:16] White is more active.} (12. Nh4 $14) 12... Nd7 {[%emt 0:06:09] Black did not feel at home in the position after the opening.  Weighted Error Value: White=0.21 (precise) /Black=0.27 (precise)} (12... Bg4 $11) 1/2-1/2

[Event "Summer Prague Open-A 2022"]
[Site "Prague"]
[Date "2022.08.11"]
[Round "8.17"]
[White "Winter, Ondrej"]
[Black "Meissner, Felix"]
[Result "1/2-1/2"]
[ECO "B50"]
[WhiteElo "2168"]
[BlackElo "2381"]
[Annotator "TA"]
[PlyCount "75"]
[EventDate "2022.08.05"]
[EventType "swiss"]
[EventCountry "CZE"]
[SourceTitle "playchess.com"]
[Source "ChessBase"]
[SourceQuality "1"]
[TimeControl "40/5400+30:1800+30"]

1. e4 c5 2. Nf3 d6 3. c3 Nf6 4. Be2 Nc6 5. d4 cxd4 6. cxd4 d5 7. e5 Ne4 8. O-O h6 {[%emt 0:09:29] 8...Bg4 is a critical line. B50: Sicilian: 2...d6, Miscellaneous.} 9. Nc3 {[%emt 0:00:53] [#]} e6 $146 ({Predecessor:} 9... Nxc3 10. bxc3 Bg4 11. Rb1 Qc7 12. Qb3 O-O-O 13. Be3 Bxf3 14. Bxf3 e6 15. c4 Kb8 16. cxd5 exd5 {1-0 (46) Lei,S (2161)-Huang,Y (1959) Toronto 2018}) 10. Bd3 Ng5 (10... Nxc3 $11 {remains equal.} 11. bxc3 Bd7) 11. Be3 $16 Be7 (11... Nxf3+ $142 12. Qxf3 Bd7) 12. Ne1 f5 13. exf6 Bxf6 14. Qh5+ Nf7 15. Nf3 Ne7 16. Bf4 (16. Ne5 $142 O-O 17. Ne2) 16... a6 ({Black should play} 16... O-O) 17. Rfe1 O-O 18. Na4 b6 19. g4 {[%emt 0:05:09][%cal Bg2g4,Bg4g5][%mdl 32] Hoping for g5.} g5 (19... g6 $16 {was worth a try.} 20. Bxg6 Nxg6 21. Qxg6+ Bg7) 20. Be5 (20. Bd2 $18 {is more deadly.}) 20... Bg7 (20... Nxe5 $16 {might work better.} 21. Nxe5 Bg7) 21. Rac1 (21. Bxg7 $18 {and the rest is easy.} Kxg7 22. h4) 21... Ra7 $2 (21... Nxe5 $16 22. Nxe5 b5) 22. h4 (22. Bxg7 $18 Kxg7 23. h4 gxh4 24. g5 (24. Qxh4 Bd7 $16) (24. Nxh4 Ng5 $14)) 22... Nxe5 23. Nxe5 gxh4 {[%emt 0:03:02] [#]} 24. g5 $1 ({Not} 24. Qxh4 Bd7 25. Nc3 (25. Nxd7 Qxd7 26. Nc3 Nc6 $17) 25... Nc6 26. Qxd8 Nxd8 $11) 24... Qe8 {[%emt 0:03:10] [#]} 25. Qxe8 {[%emt 0:00:11] The board is on fire. 0x0.0024d7c261dedp-1022s more active pieces.} ({White should try} 25. Qxh4 $1 $16 Bxe5 26. Rxe5 (26. dxe5 Nf5 $11) 26... Qxa4 27. Qxh6) 25... Rxe8 $14 26. Nxb6 {[%emt 0:00:34] Pair of Knights!} (26. gxh6 {feels hotter.} Bxh6 27. Rc2 b5 28. Nb6) 26... hxg5 27. Nxc8 {[%emt 0:02:26] The position is equal.} Rxc8 28. Rxc8+ Nxc8 29. Nc6 Rc7 30. Rxe6 Kf8 31. Bxa6 Ne7 32. Bb5 Nxc6 33. Rxc6 Rxc6 34. Bxc6 Bxd4 $11 {[%emt 0:00:09] KB-KB} 35. b3 Ke7 36. Bxd5 Kd6 37. Bc4 Kc5 38. Kg2 {[%emt 0:00:36] Black defended with fortune.  Weighted Error Value: White=0.25 (precise) /Black=0.23 (precise)} 1/2-1/2

[Event "Summer Prague Open-A 2022"]
[Site "Prague"]
[Date "2022.08.11"]
[Round "8.18"]
[White "Guz, Ari"]
[Black "Hajiyev, Kanan"]
[Result "1-0"]
[ECO "D96"]
[WhiteElo "2331"]
[BlackElo "2142"]
[Annotator "TA"]
[PlyCount "57"]
[EventDate "2022.08.05"]
[EventType "swiss"]
[EventCountry "CZE"]
[SourceTitle "playchess.com"]
[Source "ChessBase"]
[SourceQuality "1"]
[TimeControl "40/5400+30:1800+30"]

1. c4 c6 2. Nc3 d5 3. d4 Nf6 4. Nf3 g6 5. cxd5 cxd5 6. Bf4 Bg7 7. e3 O-O 8. h3 Nc6 9. Be2 Ne4 10. Rc1 {[%emt 0:00:07] D90: Grünfeld: 4 Nf3 Bg7 sidelines.} Bf5 11. O-O Rc8 12. Qb3 {[%emt 0:00:12] White has an edge.} Qd7 {[%emt 0:00:10] [#]} 13. Qa3 $146 ({Much weaker is} 13. Nxd5 Be6 14. Bc4 Na5 $17) ({Predecessor:} 13. Rfd1 Nxc3 14. Rxc3 Na5 15. Qb4 Rxc3 16. bxc3 b6 17. Ba6 Rd8 18. Re1 f6 19. c4 dxc4 20. e4 Be6 21. d5 Bf7 22. Bb5 Qb7 23. Bxc4 {½-½ (23) Deforel,J (2260)-Rodriguez Landa,M (2499) ICCF email 2009}) 13... h6 14. b4 g5 {[%emt 0:03:28] [#]} 15. Bh2 g4 16. hxg4 Bxg4 17. b5 Nd8 18. Qb2 Nxc3 19. Rxc3 Rxc3 20. Qxc3 f6 (20... Ne6 $142) 21. Rc1 $16 Nf7 22. Qb4 {[%emt 0:02:00] Strongly threatening Rc7.} e5 (22... Rc8 $16 23. Rxc8+ Qxc8) 23. dxe5 $18 fxe5 {[%emt 0:00:50] [#]} 24. Nxe5 $1 Nxe5 (24... Bxe5 25. Qxg4+) 25. Bxe5 Bxe5 (25... Bxe2 $2 26. Rc7 Qxc7 27. Bxc7 $18) 26. Bxg4 ({Don't do} 26. Qxg4+ $6 Qxg4 27. Bxg4 d4) 26... Qf7 27. Bf3 {[%emt 0:01:54] Active counter play!} d4 28. exd4 Qf4 (28... Bb8 29. Re1 Qf4 30. Qc4+ Kh8) 29. Qc4+ {[%emt 0:00:10] Weighted Error Value: White=0.02 (flawless) /Black=0.20 (precise)} 1-0

[Event "Summer Prague Open-A 2022"]
[Site "Prague"]
[Date "2022.08.11"]
[Round "8.19"]
[White "Lhotska, Anna"]
[Black "Sorm, Daniel"]
[Result "1-0"]
[ECO "B01"]
[WhiteElo "2113"]
[BlackElo "2308"]
[Annotator "TA"]
[PlyCount "67"]
[EventDate "2022.08.05"]
[EventType "swiss"]
[EventCountry "CZE"]
[SourceTitle "playchess.com"]
[Source "ChessBase"]
[SourceQuality "1"]
[TimeControl "40/5400+30:1800+30"]

1. e4 {[%emt 0:00:04] Mueller,Karsten} d5 2. exd5 Qxd5 3. Nc3 Qa5 4. d4 Nf6 5. Bc4 Bg4 6. f3 Bd7 {[%emt 0:00:14] B01: Scandinavian Defence.} 7. Bd2 c6 {[%emt 0:00:32] Prevents Nd5.} 8. Qe2 {[%emt 0:05:59][%cal Oc3b5] Nb5! is the strong threat.} e6 {[%emt 0:01:53] [#] White is better.} 9. O-O-O $146 ({Predecessor:} 9. Ne4 Qd8 10. O-O-O b5 11. Bd3 Na6 12. f4 Nb4 13. Bxb4 Bxb4 14. c3 Be7 15. Nxf6+ Bxf6 {1-0 (33) Fedorov,A (2598)-Mamedyarov,S (2542) Batumi 2002 CBM 090 [Mueller,Karsten]}) 9... Qc7 10. f4 b5 11. Bd3 Bb4 12. g3 Nd5 (12... Bxc3 $14 13. Bxc3 Nd5) 13. Ne4 (13. Nxd5 $16 Bxd2+ 14. Qxd2 (14. Rxd2 cxd5 15. Kb1 O-O $14) 14... cxd5 15. f5) 13... Bxd2+ $14 14. Qxd2 Na6 15. Nf3 O-O 16. Neg5 h6 17. h4 c5 {[%emt 0:10:24] [#]} (17... hxg5 $2 18. Bh7+ Kxh7 19. hxg5+ Kg6 20. Ne5+ (20. Qd3+ f5 $16) 20... Qxe5 21. dxe5 $18) 18. Ne5 $1 c4 (18... hxg5 19. Bh7+ $1 Kh8 20. hxg5 Nxf4 21. Qxf4) (18... Nf6 19. Ne4) 19. Bh7+ Kh8 {[%emt 0:00:25] [#]} 20. Be4 {[%emt 0:00:33] White is much more active.} (20. c3 $1 $14 Rab8 (20... Be8 21. Rde1) 21. Be4 $1) 20... c3 $2 {[%emt 0:05:55] [#]} (20... hxg5 $2 21. hxg5+ Kg8 22. Qh2 g6 23. Qh8#) (20... Kg8 $1 $11 {and Black is okay.}) 21. bxc3 $1 $18 {[%emt 0:05:56] The board is on fire.} Bc6 {[%emt 0:06:20] [#]} (21... Kg8 22. Bh7+) 22. Qd3 $1 {[%emt 0:02:12] Threatens to win with Bxd5.} f5 23. Ng6+ ({Much less strong is} 23. Nxe6 fxe4 24. Ng6+ (24. Nxc7 exd3 25. Nxa8 Rc8 $16) (24. Qxe4 Qd6 $16) 24... Kg8 25. Nxc7 exd3 26. Nxd5 (26. Nxa6 Rf6 $15) (26. Nxa8 dxc2 27. Rde1 Rxa8 $14) 26... dxc2 27. Kxc2 Bxd5 28. Ne7+ Kf7 29. Nxd5 Rad8 $18) 23... Kg8 24. Nxf8 (24. Nxe6 $18 {and the rest is easy.} fxe4 25. Nxc7 exd3 26. Nxd5 (26. Nxa6 Rf6 $15) (26. Nxa8 dxc2 27. Rde1 Rxa8 $11) 26... Bxd5 27. Ne7+ Kf7 28. Nxd5) 24... fxe4 (24... Rxf8 $16 25. Nxe6 fxe4 26. Nxc7 exd3 27. Nxa6 Nxc3) 25. Qxe4 Nf6 $2 (25... Qd6 {was necessary.}) 26. Qxe6+ Kxf8 27. d5 Re8 $2 (27... Be8 28. Qxa6 Qxc3) 28. Qxc6 Qxc6 29. dxc6 hxg5 30. hxg5 Ng8 31. Rd7 Nb8 32. Rc7 Ne7 33. Rh8+ Kf7 34. g6+ {[%emt 0:00:09] Weighted Error Value: White=0.19 (very precise) /Black=0.62} 1-0

[Event "Summer Prague Open-A 2022"]
[Site "Prague"]
[Date "2022.08.11"]
[Round "8.20"]
[White "Santagati, Alessandro"]
[Black "Soural, Jan"]
[Result "1/2-1/2"]
[ECO "B22"]
[WhiteElo "2299"]
[BlackElo "2119"]
[Annotator "TA"]
[PlyCount "60"]
[EventDate "2022.08.05"]
[EventType "swiss"]
[EventCountry "CZE"]
[SourceTitle "playchess.com"]
[Source "ChessBase"]
[SourceQuality "1"]
[TimeControl "40/5400+30:1800+30"]

1. e4 c5 2. c3 d5 3. exd5 Qxd5 4. d4 g6 5. Nf3 Bg7 6. Na3 Nf6 7. Bc4 Qe4+ {[%emt 0:00:58] B22: Sicilian: 2 c3.} 8. Be3 {[%emt 0:00:19][%cal Oc4f7] Threatens to win with Bxf7+!} O-O 9. dxc5 Ng4 $1 {[%emt 0:08:01] The position is equal.} 10. Bd5 {[%emt 0:04:53] [#]} Nxe3 $1 11. Bxe4 Nxd1 12. Rxd1 Na6 $1 13. c6 bxc6 {[%emt 0:00:09] next ...Rb8 is good for Black.} 14. Bxc6 (14. Nd4 $1 $11 {remains equal.}) 14... Rb8 $17 {[%emt 0:00:07] [#]} 15. Rd2 $146 ({Predecessor:} 15. Nc4 Nc5 16. Rd5 Ne4 17. Ra5 Bxc3+ 18. bxc3 Rb1+ 19. Ke2 Nxc3+ 20. Kd2 Rxh1 21. Kxc3 {½-½ (48) Rasik,V (2467)-Vykouk,J (2424) Ostrava 2017}) 15... Bf5 {[%emt 0:37:03][%mdl 1024] Black has compensation.} 16. Bb5 Nc5 17. O-O {[%emt 0:11:11] [#]} Ne4 $1 18. Rd5 (18. Re2 $17 {keeps fighting.}) 18... a6 19. Bxa6 Rxb2 20. Nb1 $2 (20. Bc4 $17) 20... Rxb1 $2 21. Rxb1 $11 Nxc3 22. Rxf5 {[%emt 0:03:32][%cal Of5b5] Strongly threatening Rfb5!} gxf5 23. Rb7 e6 24. Rb2 Ra8 25. Bc4 Rc8 26. Bf1 (26. Ba6 $11 Ra8 27. Bc4) 26... Ra8 ({Black should try} 26... Ne4 $15 27. Re2 Rc3) 27. Bc4 $1 Rc8 (27... Na4 $11 28. Rc2 Nc3) 28. Bf1 $15 Ra8 (28... Ne4 $15 29. Re2 Rc3) 29. Bc4 $1 $11 Rc8 ({Better is} 29... Bf6 $11) 30. Bf1 $15 Ra8 {[%emt 0:00:04] Weighted Error Value: White=0.20 (precise) /Black=0.33} (30... Ne4 $15 31. Re2 Rc3) 1/2-1/2

[Event "Summer Prague Open-A 2022"]
[Site "Prague"]
[Date "2022.08.11"]
[Round "8.21"]
[White "Karas, Marek"]
[Black "Vecera, Dominik"]
[Result "1-0"]
[ECO "A00"]
[WhiteElo "2286"]
[BlackElo "2066"]
[Annotator "TA"]
[PlyCount "61"]
[EventDate "2022.08.05"]
[EventType "swiss"]
[EventCountry "CZE"]
[SourceTitle "playchess.com"]
[Source "ChessBase"]
[SourceQuality "1"]
[TimeControl "40/5400+30:1800+30"]

1. b4 Nf6 2. Nf3 g6 3. c4 Bg7 4. Bb2 O-O 5. g3 d6 6. Bg2 e5 7. d3 Nc6 8. Qb3 {[%emt 0:03:56] [#] A15: English Opening: 1...Nf6.} (8. b5 $5 Nb8 9. Nbd2 $11) 8... a5 $146 ({Predecessor:} 8... h6 9. Nbd2 Be6 10. b5 Ne7 11. O-O Qd7 12. a4 Bh3 13. c5 Bxg2 14. Kxg2 Nh5 15. cxd6 cxd6 {0-1 (44) Jazdanovs,A (1889)-Gucaga,A (1781) Kouty nad Desnou 2015}) 9. b5 Ne7 10. Nc3 {[%emt 0:01:03] White is slightly better.} Nd7 11. Nd2 Rb8 12. h4 b6 13. Nde4 Bb7 14. Rh2 h6 (14... Nf5 {feels stronger.}) 15. O-O-O (15. h5 $11) 15... Kh8 (15... f5 $5 16. Nd2 (16. c5+ d5 $15) 16... Bxg2 17. Rxg2 Nc5 $15) 16. Kb1 f5 17. Nd2 Nc5 18. Qc2 d5 19. Ba3 {[%emt 0:06:51] [#]} (19. Nxd5 $14 {stays ahead.} Nxd5 20. cxd5) 19... d4 ({Black should try} 19... c6 $1 $17 20. bxc6 Bxc6) 20. Na4 Bxg2 $1 21. Rxg2 c6 {[%emt 0:00:06] Threatens to win with ...cxb5.} 22. bxc6 (22. Bxc5 $15 bxc5 23. b6) 22... Nxa4 $2 (22... Nxc6 $17 23. h5 g5) 23. Qxa4 $14 b5 (23... Rf6 $14) 24. cxb5 $18 Qd5 $2 {[%emt 0:01:09] [#]} (24... Nxc6 25. Bxf8 Bxf8) 25. Bxe7 $1 {[%emt 0:01:15] White is clearly winning.} Rxb5+ (25... Rfe8 26. c7) 26. Nb3 Rc8 27. Rc1 Rxb3+ (27... Rxc6 $142 28. Rxc6 Qxc6) 28. Qxb3 Qxg2 29. c7 Qa8 30. Bd6 e4 31. Qb8 {[%emt 0:00:45] Weighted Error Value: White=0.49/Black=0.50} 1-0

[Event "Summer Prague Open-A 2022"]
[Site "Prague"]
[Date "2022.08.11"]
[Round "8.22"]
[White "Ali, Abdulaziz"]
[Black "Mannion, Stephen R"]
[Result "1/2-1/2"]
[ECO "C97"]
[WhiteElo "1930"]
[BlackElo "2232"]
[Annotator "TA"]
[PlyCount "71"]
[EventDate "2022.08.05"]
[EventType "swiss"]
[EventCountry "CZE"]
[SourceTitle "playchess.com"]
[Source "ChessBase"]
[SourceQuality "1"]
[TimeControl "40/5400+30:1800+30"]

1. e4 e5 2. Nf3 Nc6 3. Bb5 a6 4. Ba4 Nf6 5. O-O Be7 6. Re1 b5 7. Bb3 d6 8. c3 O-O 9. h3 Na5 10. Bc2 c5 11. d4 Qc7 12. d5 Bd7 13. Nbd2 c4 {[%emt 0:01:55] 13...g6 is not played anymore.} 14. Nf1 Nb7 15. g4 {[%emt 0:12:19] C97: Closed Ruy Lopez: Chigorin Defence: 11 d4 Qc7, sidelines.} Ne8 16. Ng3 g6 {[%emt 0:00:09] [#]} 17. Kg2 $146 ({Predecessor:} 17. Nh2 Ng7 18. f4 exf4 19. Bxf4 f6 20. Nf3 Nd8 21. Kg2 Nf7 22. Qd2 Ne5 23. Bh6 {½-½ (42) Tazbir,M (2521)-Postny,E (2611) Germany 2017}) 17... Ng7 18. Bh6 f6 19. g5 $2 {[%emt 0:09:31] [#]} (19. Nd2 $14 {stays ahead.}) 19... Qc8 (19... Rae8 $142 20. b4 fxg5 21. Nxg5 Nd8) 20. Rh1 $17 Nd8 ({Black should try} 20... a5 $17) 21. gxf6 Bxf6 22. Bg5 $2 (22. Qd2 $11) 22... Bxg5 $19 23. Nxg5 Nf7 ({Not} 23... Qc5 24. Qd2 $15) (23... Nb7 $17 {White must now prevent ...Qd8.} 24. Qe2 Qc5) 24. Nxf7 (24. Nf3 $15) 24... Rxf7 $17 25. Qd2 Rf4 (25... Qd8 $142 {aiming for ...Qh4.} 26. Rh2 Qh4) 26. Rh2 (26. a4 $142) 26... Rh4 (26... Qb7 $142 27. Bd1 Raf8) 27. Rah1 Qd8 28. Bd1 h5 ({Black should play} 28... Qe7 $17) 29. Qe3 $11 Qf6 30. Nf1 Rf8 {[%emt 0:04:31][%cal Oh4e4] [#] And now ...Rxe4! would win.} 31. Nd2 Rf4 32. Kf1 Kh7 33. Ke1 Kg8 (33... a5 $11) 34. Rg1 $14 {[%emt 0:00:37] White is slightly better.} Kh7 35. Rhg2 Be8 36. Be2 {[%emt 0:03:19] Black had all chances to win.  Weighted Error Value: White=0.41/Black=0.36} 1/2-1/2

[Event "Summer Prague Open-A 2022"]
[Site "Prague"]
[Date "2022.08.11"]
[Round "8.23"]
[White "Brylski, Pawel"]
[Black "Bruchmann, Stephan"]
[Result "1/2-1/2"]
[ECO "B10"]
[WhiteElo "1914"]
[BlackElo "2226"]
[Annotator "TA"]
[PlyCount "48"]
[EventDate "2022.08.05"]
[EventType "swiss"]
[EventCountry "CZE"]
[SourceTitle "playchess.com"]
[Source "ChessBase"]
[SourceQuality "1"]
[TimeControl "40/5400+30:1800+30"]

1. e4 c6 2. Nf3 d5 3. exd5 cxd5 4. Ne5 Nf6 5. d4 g6 6. Bb5+ {[%emt 0:09:53] B10: Caro-Kann: 2 d3 and 2 c4.} Bd7 7. Nxd7 Nbxd7 8. O-O {[%emt 0:00:20] White has an edge.} Bg7 9. c3 O-O 10. Re1 e6 11. Nd2 a6 12. Bd3 b5 {[%emt 0:00:05] [#]} 13. a3 $146 ({Predecessor:} 13. a4 b4 14. cxb4 Qb6 15. Nf3 Qxb4 16. Qe2 Qb7 17. a5 Nb8 18. b4 Nc6 19. Ba3 {1-0 (43) Smirin,I (2612)-Iordachescu,V (2589) Chess.com INT 2020}) 13... Qb6 14. Qe2 Ne8 ({Black should try} 14... e5 $11) 15. Nf3 $14 Nd6 16. Bf4 Nc4 17. h4 Rfc8 18. h5 Ra7 19. hxg6 hxg6 20. Qc2 Nf8 21. g3 Nd6 (21... a5 $14) 22. Kg2 $16 Nf5 {[%emt 0:01:00][%cal Rf5d4] White is clearly better.} 23. Qd2 Nd7 (23... Nd6 $16 24. Qc2 Nd7) 24. g4 Nd6 {[%emt 0:00:19] Weighted Error Value: White=0.12 (very precise) /Black=0.20 (precise)} 1/2-1/2

[Event "Summer Prague Open-A 2022"]
[Site "Prague"]
[Date "2022.08.11"]
[Round "8.24"]
[White "Shehzad, Shazil"]
[Black "Reshetniak, Vitaliy"]
[Result "1/2-1/2"]
[ECO "B40"]
[WhiteElo "2274"]
[BlackElo "1995"]
[Annotator "TA"]
[PlyCount "72"]
[EventDate "2022.08.05"]
[EventType "swiss"]
[EventCountry "CZE"]
[SourceTitle "playchess.com"]
[Source "ChessBase"]
[SourceQuality "1"]
[TimeControl "40/5400+30:1800+30"]

1. e4 c5 2. Nf3 e6 3. d3 Nc6 4. g3 d5 5. Qe2 Nf6 6. Bg2 Be7 7. O-O O-O 8. e5 Nd7 9. c4 b5 {[%emt 0:02:16] C00: French: Unusual White 2nd moves.} 10. cxb5 Na5 11. Qc2 a6 {[%emt 0:01:30] White has an edge.} 12. a4 Bb7 13. Na3 Qb6 14. Be3 {[%emt 0:01:23] aiming for b4.} Qd8 15. h4 {[%emt 0:02:51][%cal Bh2h4,Bh4h5][%mdl 32] [#]} Qb8 $146 ({Predecessor:} 15... h6 16. h5 Rc8 17. Bf4 Qb6 18. Rac1 c4 19. Be3 Bc5 20. Bxc5 Nxc5 21. dxc4 Ncb3 {0-1 (42) Glavina,P (2393)-Pichot,A (2625) Chess.com INT 2022}) 16. Bf4 Rc8 17. b3 Nb6 18. Rfb1 Nd7 (18... axb5 $1 $14 19. Nxb5 Nd7) 19. h5 h6 20. Qe2 Qc7 21. Nh2 Qd8 22. Bd2 ({Better is} 22. Qe1 $16) 22... axb5 $11 23. axb5 Qb6 (23... Nxe5 $1 $11 {remains equal.} 24. Bc3 (24. Qxe5 Bf6 $17) 24... Nd7) 24. Ng4 $16 Bf8 {[%emt 0:04:08] [#]} (24... Ra7 $16) 25. Qe1 $1 $18 Ra7 {[%emt 0:00:43] [#]} 26. Nc4 $1 Nxc4 27. bxc4 {[%emt 0:00:43] And now Ba5 would win.} dxc4 28. dxc4 {[%emt 0:03:21] Strongly threatening Ba5.} Bxg2 29. Kxg2 Qb7+ 30. f3 Nb6 31. Rxa7 Qxa7 32. Ra1 {[%emt 0:01:21] Inhibits Qa2.} Qd7 33. Ne3 {White is more active.} Qd3 34. Ba5 (34. Rc1 $16) 34... Nxc4 $11 {[%emt 0:00:57] The position is equal.} 35. Nxc4 Qxc4 36. b6 Qa6 {[%emt 0:03:42] Weighted Error Value: White=0.16 (very precise) /Black=0.15 (very precise)} 1/2-1/2